 Dungeon Crawl Stone Soup version 0.27-a0-1347-gd8886f0a89 (webtiles) character file.

Game seed: 16532866691273575273

216 snetch the Magician (level 6, -4/40 HPs)
             Began as a Djinni Fire Elementalist on June 28, 2021.
             Was a Believer of Makhleb.
             Killed by miscasting Fireball (20 damage)
             ... in a sewer.
             The game lasted 00:10:51 (3768 turns).

snetch the Magician (Djinni Fire Elementalist)      Turns: 3768, Time: 00:10:51

Health: -4/40      AC:  3    Str:  7    XL:     6   Next: 16%
Gold:   95         EV: 12    Int: 18    God:    Makhleb [**....] SH:  0 Dex: 14

rFire    + + .     SeeInvis .   k - +1 falchion (protect)
rCold    . . .     Faith    .   (no shield)
rNeg     . . .     Spirit   .   e - +0 leather armour
rPois    ∞         Reflect  .   (no helmet)
rElec    .         Harm     .   (no cloak)
rCorr    .         Rampage  .   (no gloves)
Will     .....                  (boots unavailable)
Stlth    ++........             (no amulet)
HPRegen  0.13/turn              a - ring of protection from cold
MPRegen  0.00/turn              (no ring)

@: wereblooded, flying, very slightly contaminated
A: sickness immunity, fire resistance 2, cold vulnerability 1, float, innate
caster, hp casting, extra vitality 1
a: Renounce Religion, Minor Destruction


You were in a sewer.
You worshipped Makhleb.
Makhleb was pleased with you.
You visited 1 branch of the dungeon, and saw 4 of its levels.
You also visited: Sewer.

You collected 95 gold pieces.

Inventory:

Hand Weapons
 k - a +1 falchion of protection (weapon)
Missiles
 b - 56 stones
 h - 25 arrows
 l - 4 boomerangs
Armour
 c - a +0 scale mail
 d - a +0 ring mail
 e - a +0 leather armour (worn)
Jewellery
 a - a ring of protection from cold (left hand)
Scrolls
 f - 3 scrolls of identify {unknown}
 g - a scroll of fear {unknown}
 i - 2 scrolls of magic mapping {unknown}
 j - 2 scrolls of teleportation {unknown}
 m - a scroll of summoning {unknown}
 n - 2 scrolls of holy word {unknown}
 q - a scroll of blinking {unknown}
Potions
 o - a potion of flight {unknown}
 p - 2 potions of degeneration {unknown}


   Skills:
 + Level 1.2 Armour
 + Level 2.5 Dodging
 + Level 2.0 Stealth
 + Level 4.5 Spellcasting


You couldn't memorise any spells.
You knew the following spells:

 Your Spells              Type           Power      Damage    Failure   Level
a - Foxfire               Conj/Fire      80%        2x1d8     3%          1
b - Conjure Flame         Conj/Fire      20%        6-21      10%         3
c - Inner Flame           Hex/Fire       20%        N/A       10%         3
d - Sticky Flame          Conj/Fire      20%        2d4       30%         4
e - Fireball              Conj/Fire      10%        3d6       65%         5
f - Animate Skeleton      Necr           40%        N/A       3%          1
g - Wereblood             Tmut           20%        N/A       4%          2
Your spell library was empty.

Dungeon Overview and Level Annotations

Branches:
Dungeon (4/15)              Sewer (1/1)
 Temple: D:4-7

Altars:
Makhleb


Innate Abilities, Weirdness & Mutations

You are immune to sickness and miasma.
You are immune to poison.
Your flesh is very heat resistant. (rF++)
You are vulnerable to cold. (rC-)
You float through the air rather than walking.
You learn spells naturally, not from books.
Your magical power is your life essence.
You have superior vitality. (+4 HP)


Message History

Found a scroll labelled VIPRAREG VUDE and 5 gold pieces.
You now have 95 gold pieces (gained 5).
i - 2 scrolls labelled VIPRAREG VUDE (gained 1)
A rat comes into view.
You conjure some foxfire!
The foxfire hits the rat.
You kill the rat!
Makhleb accepts your kill.
You feel better.
A ball python and a river rat come into view.
You conjure some foxfire!
The foxfire hits the river rat.
The river rat is moderately wounded.
Your leather armour prevents you from hitting the river rat.
The river rat is moderately wounded.
The river rat bites you.
Okay, then.
You closely miss the river rat.
The river rat is moderately wounded.
The river rat bites you.
There is not enough space to conjure foxfire!
Casting: Foxfire (safe; 3% risk of failure)
Confirm with . or Enter, or press ? or * to list all spells.
There is nothing nearby to animate!
Casting: Animate Skeleton (safe; 3% risk of failure)
Confirm with . or Enter, or press ? or * to list all spells.
Your blood is infused with primal strength.
The river rat bites you!
Casting: Wereblood (safe; 4% risk of failure)
Confirm with . or Enter, or press ? or * to list all spells.
The spell is potentially lethal to cast (65% risk of failure)!
Continue anyway?
Aiming: Fireball (potentially lethal; 65% risk of failure)
Press: ? - help, Shift-Dir - straight line, f - river rat
Aim: a river rat (moderately wounded) That beam is likely to hit you.
Continue anyway?
You miscast Fireball.
You are very lightly contaminated with residual magic.
You are blasted with magical energy!!
Ouch! That really hurt!
You die...

## #. #. ### #.
†.#. #S## ###
##r.###.#
#@##...##
###v###.#
######≈###########
#∩.....†≈..≈.≈≈≈≈≈
#∩.≈.....≈..≈.≈≈.≈
##################


You could see a river rat and a ball python.

Vanquished Creatures
  A scorpion (D:4)
  A hound (D:4)
  A bullfrog skeleton (D:4)
  An orc wizard (D:3)
  An adder (D:3)
  A worm (D:4)
  2 dart slugs
  6 orcs
  2 ball pythons
  2 bats (D:1)
  6 endoplasms
  3 giant cockroaches
  3 hobgoblins
  4 jackals (D:1)
  5 kobolds
  A quokka (D:1)
  A frilled lizard (Sewer)
  4 goblins
  9 rats
54 creatures vanquished.

Vanquished Creatures (collateral kills)
  An orc (D:2)
  A foxfire (D:1)
2 creatures vanquished.

Vanquished Creatures (others)
  247 foxfires
  A withered plant (D:1)
248 creatures vanquished.

Grand Total: 304 creatures vanquished

Notes
Turn   | Place    | Note
-------+----------+-------------------------------------------
     0 | D:1      | snetch the Djinni Fire Elementalist began the quest for the
                  | Orb.
     0 | D:1      | Reached XP level 1. HP: 15/15 MP: 0/0
    19 | D:1      | Reached XP level 2. HP: 9/21 MP: 0/0
   737 | D:1      | Found a faded altar of an unknown god.
   745 | D:1      | Reached skill level 3 in Spellcasting
   745 | D:1      | Reached XP level 3. HP: 19/25 MP: 0/0
   745 | D:1      | Learned a level 1 spell: Animate Skeleton
   774 | D:1      | Became a worshipper of Makhleb the Destroyer
   774 | D:1      | Reached * piety under Makhleb
  2305 | D:3      | Reached XP level 4. HP: 25/31 MP: 0/0
  3521 | D:4      | Reached skill level 4 in Spellcasting
  3521 | D:4      | Reached XP level 5. HP: 33/35 MP: 0/0
  3521 | D:4      | Learned a level 2 spell: Wereblood
  3531 | D:4      | Reached ** piety under Makhleb
  3571 | D:4      | Reached skill level 1 in Armour
  3571 | D:4      | Reached XP level 6. HP: 28/40 MP: 0/0
  3588 | D:4      | Found a glowing drain.
  3613 | Sewer    | Entered a sewer
  3768 | Sewer    | Killed by miscasting Fireball

Illustrated notes

Levels and vault maps discovered:
D:1:      scummos_arrival_checkerplants, layout_basic,
          shapermc_ecumenical_altar_gd
D:2:      layout_rooms, wad_orctagon
D:3:      layout_basic, slow_altar_1, minmay_tree_intersection
D:4:      layout_loops_ring, portal_sewer_entry_b
Sewer:    sewer_co_cracked_pipes

Skill      XL: |  1  2  3  4  5 |
---------------+----------------+-----
Spellcasting   | 3 4 |  4.5
Armour         | 1 |  1.2
Stealth        | 2 |  2.0
Dodging        | |  2.5

Action                   |  1- 3 |  4- 6 || total
-------------------------+-------+-------++-------
Melee: Dagger            |     1 |       ||     1
       Falchion          |       |     2 ||     2
 Cast: Foxfire           |   103 |    53 ||   156
       Animate Skeleton  |     3 |     2 ||     5
       Wereblood         |       |     1 ||     1
Armor: Leather armour    |     1 |     2 ||     3
Dodge: Dodged            |     4 |    15 ||    19
       Rpst.: Falchion   |       |     5 ||     5

Table legend: (Time is in decaauts)
 A = Elapsed time spent in this place.
 B = Non-inter-level travel time spent in this place.
 C = Inter-level travel time spent in this place.
 D = Time resting spent in this place.
 E = Time spent auto-exploring this place.
 F = Levels seen in this place.
 G = Mean time per level.
                   A        B        C        D        E       F      G
               +--------+--------+--------+--------+--------+-----+--------+
         Total |   3771 |   3643 |    128 |    256 |   2520 |   5 |  754.2 |
       Dungeon |   3615 |   3487 |    128 |    256 |   2422 |   4 |  903.8 |
         Sewer |    155 |    155 |      0 |      0 |     98 |   1 |  155.0 |
               +--------+--------+--------+--------+--------+-----+--------+

Top non-repeatable levels by time:
     D:1: 1456 daAuts
     D:2: 1240 daAuts
     D:3: 807 daAuts
   Sewer: 155 daAuts
     D:4: 110 daAuts
